 Dungeon Crawl Stone Soup version 0.30-a0-779-g7971cf19c3 (webtiles) character file.

Game seed: 5540281279923090699

36 Anon1729 the Chopper (level 3, 0/49 HPs)
             Began as a Minotaur Monk on Feb 17, 2023.
             Slain by Menkaure (13 damage)
             ... on level 4 of the Dungeon.
             The game lasted 00:01:35 (1229 turns).

Anon1729 the Chopper (Minotaur Monk)                Turns: 1229, Time: 00:01:36

Health: 0/49       AC: 13    Str: 15 (17) XL:     3   Next: 19%
Magic:  2/2        EV:  2    Int:  5 (7)  God:
Gold:   55         SH:  0    Dex: 11 (12) Spells: 2/2 levels left

rFire   . . .      SeeInvis .    a - +0 hand axe
rCold   + . .      Faith    .    (no shield)
rNeg    . . .      Spirit   .    (body armour currently unavailable)
rPois   +          Reflect  .    (helmet currently unavailable)
rElec   .          Harm     .    (cloak currently unavailable)
rCorr   .          Rampage  .    (gloves currently unavailable)
Will    .....      NoTele   +    (boots currently unavailable)
Stlth   ++                       (no amulet)
HPRegen 0.28/turn                q - +5 ring of evasion
MPRegen 0.08/turn                n - ring of protection from cold

@: brilliant, tree-form, corroded, hasted, very quick
A: stationary, stasis, torment immunity, boosted hp, (horns 2), (retaliatory
headbutt), subdued magic 1
a: no special abilities


You were on level 4 of the Dungeon.
You were a tree.
You visited 1 branch of the dungeon, and saw 3 of its levels.

You collected 55 gold pieces.

Inventory:

Hand Weapons
 a - a +0 hand axe (weapon)
Armour
 b - a +0 robe (melded)
Jewellery
 n - a ring of protection from cold (right branch)
 q - a +5 ring of evasion (left branch)
Scrolls
 e - 2 scrolls of enchant armour {unknown}
 f - 4 scrolls of blinking {unknown}
 h - 2 scrolls of immolation {unknown}
 i - a scroll of magic mapping {unknown}
 j - a scroll of silence {unknown}
 m - a scroll of fear {unknown}
 r - a scroll of identify {unknown}
Potions
 l - a potion of mutation


   Skills:
 + Level 4.0 Fighting
 * Level 4.2 Axes
 + Level 1.4 Armour
 + Level 3.6 Dodging
 - Level 1.6 Stealth


You had 2 spell levels left.
You didn't know any spells.
Your spell library contained the following spells:

 Spells                   Type           Power      Damage    Failure   Level
 Kiss of Death            Conj/Necr      0%         2d5       43%         1
 Confusing Touch          Hex            0%         N/A       82%         3
 Dispel Undead            Necr           0%         3d6       99%         4


Dungeon Overview and Level Annotations

Branches:
Dungeon (4/15)
 Temple: D:4-7

Altars:
The Shining One

Annotations:
D:4 Ijyb, Menkaure


Innate Abilities, Weirdness & Mutations

You are a tree.
Your roots penetrate the ground, keeping you stationary.
You cannot be teleported.
You are immune to unholy pain and torment.
Your maximum health is greatly increased.
Your equipment is partially melded.
((You have a pair of horns on your head.))
((You reflexively headbutt those who attack you in melee.))
Your spells are a little easier to cast, but a little less powerful.


Message History

* * * LOW HITPOINT WARNING * * *
The acid corrodes you!
It was a potion of brilliance.
You feel clever all of a sudden. Ijyb hits you but does no damage.
It was a potion of curing.
You feel better. Ijyb hits you with a +0 dagger.
It was a potion of haste.
You feel yourself speed up. Menkaure hits you but does no damage.
Ijyb hits you but does no damage.
You closely miss Ijyb.
Ijyb is moderately wounded.
You hit Menkaure but do no damage. Menkaure hits you.
* * * LOW HITPOINT WARNING * * *
You closely miss Ijyb.
Ijyb is moderately wounded.
You hit Menkaure. Ijyb hits you but does no damage.
You hit Ijyb but do no damage.
Ijyb is moderately wounded.
You barely miss Menkaure. Menkaure hits you.
* * * LOW HITPOINT WARNING * * *
Ijyb hits you but does no damage.
You are confused.
You feel invigorated. Menkaure hits you.
* * * LOW HITPOINT WARNING * * *
Ijyb hits you but does no damage.
You cannot move. (Use ctrl+direction or * direction to attack while stationary and confused.)
You nearly hit yourself!
You are too confused!
You barely miss Menkaure.
Menkaure is lightly damaged.
You barely miss Ijyb. Ijyb hits you but does no damage.
Menkaure hits you but does no damage.
You nearly hit yourself!
Ijyb hits you but does no damage.
You hit Ijyb but do no damage. You closely miss Menkaure.
You feel less invigorated.
You feel less confused. Menkaure completely misses you.
You completely miss Menkaure.
Menkaure is lightly damaged.
You closely miss Ijyb. Ijyb hits you but does no damage. Menkaure hits you!
You die...

#.........###......
##...#...## ##.....
#....#....###......
#....#.........##..
###................ ##
##......##..#..#..#
##..#.......##..#..#..#
##............#..#......
.......♣......#.####..##
......gM.##...... #..#
....^............ ..##
.#........##.... ...
##........ .. ##.#...#..
#......... #.........#


You could see Ijyb and Menkaure.

Vanquished Creatures
  A dart slug (D:1)
  4 giant cockroaches
  6 goblins
  4 hobgoblins
  A quokka (D:1)
  2 ball pythons (D:1)
  5 bats
  2 frilled lizards
  3 kobolds
  3 rats
31 creatures vanquished.

Notes
Turn   | Place    | Note
-------+----------+-------------------------------------------
     0 | D:1      | Anon1729 the Minotaur Monk began the quest for the Orb.
     0 | D:1      | Reached XP level 1. HP: 19/19 MP: 0/0
   308 | D:1      | Reached XP level 2. HP: 27/27 MP: 1/1
   469 | D:1      | Reached skill level 1 in Armour
   945 | D:2      | Found a glowing golden altar of the Shining One.
   974 | D:2      | Reached XP level 3. HP: 33/33 MP: 2/2
  1176 | D:2      | You fall into a shaft and drop 2 floors!
  1206 | D:4      | Noticed Ijyb
  1211 | D:4      | Noticed Menkaure
  1216 | D:4      | Gained mutation: Your spells are a little easier to cast,
                  | but a little less powerful. [potion of mutation]
  1224 | D:4      | HP: 2/49 [Menkaure (6)]
  1229 | D:4      | Slain by Menkaure

Illustrated notes

Levels and vault maps discovered:
D:1:      saegor_arrival_simple_e, layout_basic
D:2:      layout_loops_cross, basic_altar,
          shapermc_ecumenical_altar_mp_ritualfount
D:4:      layout_cave_pools, mainiacjoe_overflow_catwalk, uniq_menkaure,
          uniq_ijyb, uniq_robin

Skill      XL: |  1  2 |
---------------+-------+-----
Axes           | 4 |  4.2
Armour         | 1 |  1.4
Fighting       | 4 |  4.0
Dodging        | |  3.6
Stealth        | |  1.6

Action                     || total
---------------------------++-------
  Melee: Hand axe          ||    62
         Headbutt          ||     6
    Use: Potion            ||     7
   Stab: Sleeping          ||     3
 Armour: Robe              ||     5
         Skin              ||    11
  Dodge: Dodged            ||    47

Table legend: (Time is in decaauts)
 A = Elapsed time spent in this place.
 B = Non-inter-level travel time spent in this place.
 C = Inter-level travel time spent in this place.
 D = Time resting spent in this place.
 E = Time spent auto-exploring this place.
 F = Levels seen in this place.
 G = Mean time per level.
                   A        B        C        D        E       F      G
               +--------+--------+--------+--------+--------+-----+--------+
         Total |   1230 |   1186 |     44 |      0 |    985 |   3 |  410.0 |
       Dungeon |   1230 |   1186 |     44 |      0 |    985 |   3 |  410.0 |
               +--------+--------+--------+--------+--------+-----+--------+

Top non-repeatable levels by time:
     D:1: 943 daAuts
     D:2: 238 daAuts
     D:4: 49 daAuts
